 Dungeon Crawl Stone Soup version 0.29.1-12-g30fa7ad0bf (webtiles) character file.

Game seed: 8569484350854133900

299912 FizzleBangTC the Black Sun (level 22, -1/117 HPs)
             Began as a Meteoran Earth Elementalist on Jan 7, 2023.
             Was a High Priest of Kikubaaqudgha.
             Slain by a red draconian
             ... wielding a +2 mace of freezing
              (3 damage)
             ... on level 4 of the Realm of Zot on Jan 13, 2023.
             The game lasted 06:58:35 (5290 turns).

FizzleBangTC the Black Sun (MeEE)                   Turns: 5290, Time: 06:58:35

Health: -1/117     AC: 15    Str:  8    XL:     22   Next: 36%
Magic:  42/56      EV: 13    Int: 29    God:    Kikubaaqudgha [*****.]
Gold:   320        SH:  0    Dex: 16    Spells: 2/61 levels left

rFire   + . .      SeeInvis .   b - staff of air
rCold   + . .      Faith    .   (no shield)
rNeg    . . .      Spirit   .   D - +0 swamp dragon scales
rPois   +          Reflect  .   P - +1 hat {Int+3}
rElec   +          Harm     .   H - scarf {repulsion}
rCorr   .          Rampage  .   n - +0 pair of gloves
Will    ++...                   r - +1 pair of boots
Stlth   +.........              p - amulet of magic regeneration
HPRegen 0.29/turn               v - ring of protection from fire
MPRegen 0.75/turn               y - ring of magical power {=R}

@: glowing, repel missiles
A: sense surroundings 3, otherworldly, glowing, explore regen, clumsy 1, cold
resistance 1, weak 1, no potion heal 1
0: Orb of Zot
}: 3/15 runes: decaying, slimy, gossamer
a: Renounce Religion, Unearth Wretches, Torment


You were on level 4 of the Realm of Zot.
You worshipped Kikubaaqudgha.
Kikubaaqudgha was extremely pleased with you.
You visited 8 branches of the dungeon, and saw 43 of its levels.

You collected 709 gold pieces.
You spent 389 gold pieces at shops.

Inventory:

Hand Weapons
 N - a +1 dagger of freezing
Missiles
 I - 2 curare-tipped darts {=F =f !f}
Armour
 d - a +2 robe of fire resistance
 l - a +0 robe
 n - a +0 pair of gloves (worn)
 r - a +1 pair of boots (worn)
 D - +0 swamp dragon scales (worn)
 H - a scarf of repulsion (worn)
 P - a +1 hat of intelligence (worn)
Magical Staves
 a - a staff of death
 b - a staff of air (weapon)
 w - a staff of fire
 K - a staff of conjuration
Jewellery
 i - the ring "Mocudix" {rN+ Str-2 Int+2 SInv Stlth+}
   (You found it on level 2 of the Swamp)

   [ring of positive energy]

   Str:       It affects your strength (-2).
   Int:       It affects your intelligence (+2).
   rN:        It protects you from negative energy.
   SInv:      It lets you see invisible.
   Stlth:     It makes you more stealthy.
 j - a ring of positive energy
 p - an amulet of magic regeneration (around neck)
 v - a ring of protection from fire (left hand)
 y - a ring of magical power (right hand) {=R}
Wands
 f - a wand of roots (20)
 q - a wand of flame (18)
 R - a wand of light (4)
Scrolls
 c - a scroll of noise {@w1}
 e - a scroll of teleportation
 h - a scroll of enchant weapon
 s - a scroll of amnesia
 x - a scroll of torment
 O - a scroll of immolation
 T - a scroll of vulnerability
Potions
 m - a potion of might
 o - a potion of degeneration
 u - a potion of attraction
 A - 3 potions of mutation
 G - a potion of berserk rage
 M - a potion of curing {@q1}


   Skills:
 + Level 20.5 Fighting
 - Level 12.2 Armour
 - Level 7.2 Dodging
 - Level 1.4 Stealth
 - Level 20.0 Spellcasting
 - Level 2.0 Conjurations
 - Level 2.0 Hexes
 - Level 9.0 Summonings
 - Level 21.5 Necromancy
 - Level 7.1 Translocations
 - Level 1.2 Transmutations
 - Level 8.9 Ice Magic
 - Level 7.0 Earth Magic
 - Level 5.0 Evocations


You had 2 spell levels left.
You knew the following spells:

 Your Spells              Type           Power      Damage    Failure   Level
a - Passage of Golubria   Tloc           63%        N/A       1%          4
b - Stone Arrow           Conj/Erth      100%       3d13      1%          3
c - Sublimation of Blood  Necr           100%       N/A       0%          2
d - Haunt                 Necr/Summ      43%        N/A       4%          7
e - Anguish               Hex/Necr       38%        N/A       1%          4
f - Death Channel         Necr           50%        N/A       1%          6
g - Borgnjor's Vile Clut  Necr/Erth      42%        N/A       1%          5
h - Simulacrum            Ice/Necr       43%        N/A       1%          6
i - Dispel Undead         Necr           100%       3d31      0%          4
j - Infestation           Necr           50%        N/A       3%          8
z - Passwall              Tmut/Erth      43%        N/A       1%          2
R - Borgnjor's Revivific  Necr           50%        N/A       3%          8

Your spell library contained the following spells:

 Spells                   Type           Power      Damage    Failure   Level
 Necrotise                Necr           100%       1d9       0%          1
 Sandblast                Erth           100%       2d20      1%          1
 Animate Dead             Necr           100%       N/A       0%          4
 Corpse Rot               Necr/Pois/Air  81%        N/A       1%          4
 Petrify                  Tmut/Erth      52%        N/A       5%          4
 Death's Door             Necr           50%        N/A       41%         9
 Silence                  Hex/Air        25%        N/A       50%         5
 Necromutation            Tmut/Necr      38%        N/A       88%         8
 Lehudib's Crystal Spear  Conj/Erth      26%        10d7      100%        8


Dungeon Overview and Level Annotations

Branches:
Dungeon (15/15)            Temple (1/1) D:6            Lair (5/5) D:8
  Swamp (4/4) Lair:3       Spider (4/4) Lair:3        Slime (5/5) Lair:5
    Orc (0/2) D:10         Depths (4/4) D:15            Zot (5/5) Depths:4
 Vaults: D:13-14

Altars:
Ashenzari
Cheibriados
Dithmenos
Elyvilon
Fedhas
Gozag
Hepliaklqana
Kikubaaqudgha
Nemelex Xobeh
Okawaru
Qazlal
Ru
Sif Muna
Uskayaw
Vehumet
Wu Jian
Xom
Yredelemnul
The Shining One
Jiyva

Shops:
D:6 *   D:11 *

Portals:
Abyss: Depths:1 Depths:3 Depths:4

Annotations:
Lair:2 exclusion: upstairs
Lair:3 exclusion: upstairs
Lair:4 exclusion: upstairs
Lair:5 exclusion: upstairs
Zot:5 exclusion: upstairs


Innate Abilities, Weirdness & Mutations

You passively map a large area around you.
You are easily found by Zot.
You glow in the dark.
You regain HP and MP as you explore.
You are clumsy. (Dex -2)
Your flesh is cold resistant. (rC+)
You are weak. (Str -2)
Potions are less effective at restoring your health.


Message History

You enter the passage of Golubria.
You enter the passage of Golubria.
You enter the passage of Golubria.
Found a scroll of teleportation.
Found a stone staircase leading up.
Aiming: Passage of Golubria (mildly dangerous; 1% risk of failure)
Press: ? - help, Q - select action, (/) - cycle Dir - move target The Orb disrupts the stability of your passage!
You enter the passage of Golubria.
Found a helmet.
You enter the passage of Golubria.
You see here a scroll of teleportation.
e - a scroll of teleportation Your death scarab completely misses the profane servitor.
Your death scarab closely misses the profane servitor.
There is a stone staircase leading up here.
Your death scarab bites the profane servitor.
You climb upwards.
The white draconian roars!
The red draconian roars!
The red draconian scorcher roars!
The shard shrike screeches!
The red draconian scorcher roars!
The shard shrike claws you! The shard shrike freezes you!! You resist.
The shard shrike claws you! The shard shrike freezes you! You resist.
The shard shrike misses you. The red draconian barely misses you.
The red draconian breathes fire at you. The searing blast hits you! You resist.
There is a stone staircase leading down, spattered with blood here.
Unknown command.
Press: ? - help, v - describe, . - travel
Here: a shard shrike (water) Some deep water.
Unknown command.
Casting: Anguish (safe; 1% risk of failure)
Press: ? - help, Dir - look around, f - activate Look: a shard shrike (water, chance to affect: 44%)
Okay, then.
Press: ? - help, v - describe, . - travel
Here: a shard shrike (water) Some deep water.
Unknown command.
Unknown command.
Press: ? - help, v - describe, . - travel
Here: a shard shrike (water) Some deep water.
Press: ? - help, v - describe, . - travel
Here: a shard shrike (water) Some deep water.
Unknown command.
Casting: Anguish (safe; 1% risk of failure)
Press: ? - help, Dir - look around, f - activate Look: a red draconian scorcher, wielding a +0 whip and wearing a +0 cloak (chance to affect: 77%)
Okay, then.
Press: ? - help, v - describe, . - travel
Here: a red draconian scorcher, wielding a +0 whip and wearing a +0 cloak The floor.
Unknown command.
Unknown command.
Press: ? - help, v - describe, . - travel A stone staircase leading down, spattered with blood.
This square is covered in magical glow.
Unknown command.
Unknown command.
Casting: Anguish (safe; 1% risk of failure)
Press: ? - help, Dir - look around, f - activate The white draconian is haunted by guilt!
The red draconian easily resists.
The red draconian is haunted by guilt!
The red draconian scorcher is haunted by guilt!
The shard shrike resists with almost no effort.
The red draconian scorcher is haunted by guilt!
The shard shrike completely misses you.
The red draconian hits you with a +2 mace of freezing!
The red draconian freezes you.
The red draconian is wracked by anguish!
The white draconian breathes frost at you.
The blast of cold hits you. You resist.
The white draconian is wracked by anguish.
The red draconian hits you with a +0 mace of freezing!
* * * LOW HITPOINT WARNING * * *
The red draconian freezes you.
* * * LOW HITPOINT WARNING * * *
Your body is healed in an amazingly painful way.
The shard shrike is engulfed in blazing flames.
The shard shrike claws you! The shard shrike freezes you! You resist.
The shard shrike is engulfed in blazing flames.
The shard shrike claws you! The shard shrike freezes you!! You resist.
The shard shrike is engulfed in blazing flames.
The red draconian hits you with a +2 mace of freezing.
The red draconian is wracked by anguish.
The red draconian hits you with a +0 mace of freezing.
The red draconian freezes you.
Casting: Anguish (safe; 1% risk of failure)
Press: ? - help, Dir - look around, f - activate The red draconian easily resists.
The shard shrike is haunted by guilt!
The shard shrike spits a shard of ice at you.
The shard of ice hits you!!! You partially resist.
* * * LOW HITPOINT WARNING * * *
The shard shrike is wracked by anguish!!!
The shard shrike claws you but does no damage.
The red draconian hits you with a +2 mace of freezing.
You die...
Kikubaaqudgha rasps: "You have failed me!
Welcome... death!"

,
,..≈.≈.≈..#.#
#.§≈§≈.≈?.. #
** ** **
#...≈~≈.....
,, , ..≈.§§#
,, , , *
..≈d§# , , ,
,, ,#.≈§§## ,
, #≈.≈.≈# , *
* * **
##≈d≈d≈## *
#≈q≈@bq≈#
#≈.≈≈☼.≈#
#########


You could see a shard shrike (anguished), 2 draconians, a white draconian
(anguished) and 2 draconians.

Vanquished Creatures
  2 dread liches (Zot:5)
  An ancient lich (Zot:5)
  Saint Roka (Depths:3)
  A Killer Klown (Zot:5)
  A tentacled monstrosity (Zot:5)
  2 Orb Guardians (Zot:5)
  3 death cobs
  A storm dragon (Zot:5)
  A fire giant (Depths:4)
  2 draconian annihilators
  2 draconian shifters
  A green draconian (Zot:5)
  A stone giant (D:15)
  2 bunyips
  A vampire knight (Depths:4)
  A white draconian (Zot:5)
  Snorg (Lair:4)
  3 purple draconians
  Josephine (D:11)
  A great orb of eyes (Slime:2)
  7 hydras
  A boulder beetle (Spider:1)
  2 centaur warriors
  A radroach (Spider:2)
  A two-headed ogre (D:11)
  A tengu warrior (D:13)
  A deep troll earth mage (Depths:4)
  A spriggan berserker (Depths:2)
  2 death yaks
  2 steelbarb worms
  A spriggan druid (Swamp:3)
  2 sun moths
  2 goliath frogs
  A bog body (Swamp:2)
  4 swamp dragons
  An orc knight (D:11)
  3 wolf spiders
  A cyclops (D:12)
  A shining eye (Slime:5)
  2 deep elf pyromancers
  A will-o-the-wisp (Swamp:2)
  7 black mambas
  2 moths of wrath
  2 molten gargoyles (Lair:5)
  5 cane toads
  8 torpor snails
  A gargoyle (D:12)
  2 rime drakes
  An ice devil (Zot:5)
  9 komodo dragons
  A troll (D:12)
  3 polar bears
  A bloated husk (Swamp:3)
  3 tyrant leeches
  A tarantella (Spider:1)
  3 blink frogs (Lair:2)
  3 dream sheep (Lair:4)
  3 jumping spiders
  4 slime creatures
  A shadow (D:12)
  2 culicivoras
  A wyvern (Lair:5)
  Eustachio (D:6)
  6 wraiths
  13 yaks
  A redback (Spider:2)
  2 basilisks
  5 vampire mosquitoes
  A steam dragon (Lair:2)
  A swamp worm (Swamp:1)
  5 water moccasins
  A hydra simulacrum (Zot:4)
  3 orc warriors
  3 black bears
  A swamp drake (Swamp:4)
  3 wolves (Lair:3)
  A phantom (D:5)
  A centaur (D:6)
  5 bullfrogs
  5 killer bees (D:10)
  2 lava snakes (Lair:5)
  3 jellies
  3 hounds
  A gnoll bouda (D:6)
  An orc priest (D:8)
  An iguana (D:5)
  2 orc wizards
  7 gnolls
  4 adders
  A white imp (D:5)
  3 ufetubi
  10 orcs
  A ball python (D:2)
  2 endoplasms (Lair:5)
  3 giant cockroaches
  4 goblins
  2 hobgoblins
  4 jackals (D:1)
  2 quokkas
  2 rats (D:2)
246 creatures vanquished.

Vanquished Creatures (collateral kills)
  the Royal Jelly (Slime:5)
  A dread lich (Zot:5)
  2 orbs of fire (Zot:5)
  3 ancient liches (Zot:5)
  2 Killer Klowns (Zot:5)
  the Lernaean hydra (Swamp:4)
  6 golden dragons
  Arachne (Spider:2)
  An electric golem (Zot:5)
  3 tentacled monstrosities
  20 Orb Guardians (Zot:5)
  A quicksilver dragon (Zot:5)
  18 acid blobs
  Gastronok (D:11)
  Kirke (Swamp:3)
  5 storm dragons
  A thorn hunter (Swamp:2)
  2 draconian monks (Zot:5)
  A fenstrider witch (Swamp:1)
  8 azure jellies (Slime:5)
  3 shadow dragons
  11 rockslimes
  A fire giant (Depths:1)
  A draconian knight (Depths:4)
  A draconian scorcher (Zot:5)
  3 emperor scorpions
  3 frost giants
  An iron dragon (Depths:4)
  2 ghost moths
  Louise (Spider:2)
  3 draconian shifters
  Aizul (Spider:2)
  A draconian annihilator (Zot:3)
  3 quicksilver oozes (Slime:5)
  A stone giant (Depths:4)
  7 black draconians
  A deep elf demonologist (Depths:4)
  An eleionoma (Swamp:1)
  3 purple draconians
  3 green draconians
  5 red draconians
  3 spark wasps
  3 entropy weavers (Spider:4)
  A bunyip (Swamp:2)
  6 white draconians
  3 yellow draconians
  4 fire dragons
  A shambling mangrove (Swamp:3)
  2 ettins
  A yaktaur captain (Depths:4)
  A boulder beetle (Spider:4)
  A rakshasa (Depths:2)
  7 great orbs of eyes
  7 hydras
  2 ghost crabs
  2 jorogumos
  3 radroaches
  A centaur warrior (D:15)
  10 alligators
  A two-headed ogre (D:11)
  A deep troll earth mage (Depths:4)
  3 tengu warriors
  2 death yaks
  6 hell knights
  An iron troll (Depths:4)
  A fire crab (Lair:5)
  7 pharaoh ants
  A deep troll (Depths:4)
  6 steelbarb worms
  2 orb spiders
  A goliath frog (Swamp:4)
  4 spriggan druids
  10 swamp dragons
  3 bog bodies
  A wizard (D:15)
  A deep elf pyromancer (D:15)
  2 necromancers (Depths:2)
  2 will-o-the-wisps (Swamp:2)
  A manticore (D:15)
  6 wolf spiders
  A shining eye (Slime:5)
  7 moths of wrath
  5 torpor snails
  3 eyes of devastation (Slime:5)
  A black mamba (Lair:4)
  2 gargoyles
  10 demonic crawlers
  An efreet (D:15)
  4 komodo dragons
  A troll (D:11)
  A tengu conjurer (D:15)
  4 meliai (Spider:4)
  A red devil (Zot:5)
  A hornet (Swamp:1)
  12 tarantellas
  3 tyrant leeches
  A dream sheep (Lair:4)
  35 slime creatures
  2 blink frogs (Lair:3)
  6 culicivoras
  22 jumping spiders
  A water elemental (Depths:1)
  A hog (Swamp:3)
  10 yaks
  4 basilisks
  A golden eye (Slime:5)
  2 spriggans (Swamp:1)
  24 redbacks
  A vampire mosquito (Swamp:1)
  9 swamp worms
  7 hell hounds
  2 orc warriors (Depths:3)
  8 swamp drakes
  A wolf (Lair:3)
  A bullfrog (Lair:1)
  A lava snake (Lair:5)
  An electric eel (Lair:3)
  An orc wizard (Depths:3)
  An orc (Depths:3)
454 creatures vanquished.

Vanquished Creatures (others)
  6 golden dragons
  8 quicksilver dragons
  An acid blob (Slime:5)
  A death cob (Zot:5)
  8 storm dragons
  A draconian monk (Zot:5)
  2 shadow dragons (Zot:5)
  7 azure jellies
  A rockslime (Slime:5)
  2 emperor scorpions (Spider:3)
  2 draconian knights (Zot:5)
  2 draconian scorchers (Zot:5)
  2 ghost moths
  A frost giant (Depths:2)
  3 draconian shifters (Zot:5)
  A quicksilver ooze (Slime:5)
  2 draconian annihilators (Zot:5)
  4 stone giants
  3 green draconians (Zot:5)
  A red draconian (Zot:5)
  6 black draconians (Zot:5)
  A yellow draconian (Zot:3)
  2 entropy weavers
  3 white draconians (Zot:5)
  2 purple draconians
  2 spark wasps
  2 bunyips
  3 ettins
  4 fire dragons
  A yaktaur captain (D:15)
  A great orb of eyes (Slime:2)
  An ice dragon (Depths:4)
  A boulder beetle (Spider:4)
  4 hydras
  A two-headed ogre (D:15)
  3 radroaches
  An alligator (Swamp:1)
  A deep troll shaman (Depths:1)
  A tengu warrior (D:15)
  A hell knight (Depths:2)
  4 goliath frogs
  A death drake (shapeshifter) (Depths:4)
  A pharaoh ant (Spider:1)
  2 steelbarb worms
  3 spriggan druids
  2 swamp dragons
  2 wizards (Depths:4)
  A bog body (Lair:3)
  A deep elf archer (D:15)
  A glowing orange brain (Depths:4)
  2 orb spiders
  3 shining eyes
  25 moths of wrath
  5 wolf spiders
  A black mamba (Lair:5)
  An eye of devastation (Slime:2)
  3 cane toads
  A torpor snail (Spider:1)
  A molten gargoyle (Lair:5)
  A demonic crawler (Spider:1)
  2 komodo dragons
  A bloated husk (Swamp:1)
  A hydra zombie (Lair:5)
  4 tarantellas
  3 tyrant leeches
  A dream sheep (Lair:4)
  2 blink frogs
  10 slime creatures
  3 jumping spiders (Spider:1)
  4 culicivoras
  2 wyverns (Lair:5)
  12 yaks
  A human (Swamp:3)
  A golden eye (Slime:2)
  6 redbacks
  A steam dragon (Lair:5)
  3 water moccasins
  3 hell hounds (Lair:5)
  3 swamp drakes
  An orc warrior (Depths:3)
  A blink frog zombie (Lair:5)
  3 wolves
  A dream sheep zombie (Lair:4)
  A torpor snail zombie (Lair:5)
  3 komodo dragon zombies (Lair:5)
  2 bullfrogs (Lair:5)
  A wyvern zombie (Lair:5)
  2 water moccasin zombies (Lair:5)
  A polar bear zombie (Lair:5)
  2 yak zombies
  2 wolf zombies (Lair:5)
  2 bullfrog zombies (Lair:5)
  2 lava snakes (Lair:5)
  A basilisk zombie (Lair:5)
  A steam dragon zombie (Lair:5)
  A swamp drake zombie (Swamp:4)
  A lava snake zombie (Lair:5)
  An orc (Depths:3)
  A hobgoblin (D:15)
  A ball python (D:15)
  A bush (Lair:5)
  8 foxfires (Swamp:2)
  44 fungi
  40 plants
347 creatures vanquished.

Grand Total: 1047 creatures vanquished

Notes
Turn   | Place    | Note
-------+----------+-------------------------------------------
     0 | D:1      | FizzleBangTC the Meteoran Earth Elementalist began the
                  | quest for the Orb.
     0 | D:1      | Reached XP level 1. HP: 14/14 MP: 5/5
    78 | D:2      | Reached XP level 2. HP: 20/20 MP: 3/6
    84 | D:2      | Learned a level 2 spell: Passwall
   130 | D:2      | Reached XP level 3. HP: 23/26 MP: 2/8
   134 | D:2      | Learned a level 3 spell: Stone Arrow
   199 | D:2      | Reached skill level 1 in Conjurations
   208 | D:3      | Reached skill level 5 in Earth Magic
   210 | D:3      | Reached XP level 4. HP: 33/33 MP: 4/9
   280 | D:4      | Reached XP level 5. HP: 38/38 MP: 7/10
   281 | D:5      | Entered Level 5 of the Dungeon
   367 | D:5      | Noticed a phantom
   374 | D:5      | Reached XP level 6. HP: 40/45 MP: 8/11
   406 | D:5      | Noticed a black bear
   409 | D:5      | Killed a black bear
   410 | D:5      | Reached skill level 5 in Spellcasting
   410 | D:5      | Reached XP level 7. HP: 47/50 MP: 3/16
   423 | D:5      | Found an ornate altar of the Wu Jian Council.
   496 | D:6      | Found a staircase to the Ecumenical Temple.
   505 | Temple   | Entered the Ecumenical Temple
   512 | Temple   | Became a worshipper of Kikubaaqudgha
   522 | D:6      | Found Gaiwapre's Goods Gallery.
   531 | D:6      | Bought a +0 pair of gloves for 63 gold pieces
   579 | D:6      | Noticed Eustachio
   597 | D:6      | Killed Eustachio
   598 | D:6      | Reached XP level 8. HP: 61/67 MP: 5/18
   674 | D:8      | Reached skill level 5 in Fighting
   678 | D:8      | Noticed a yak
   679 | D:8      | Reached skill level 5 in Evocations
   679 | D:8      | Reached skill level 1 in Necromancy
   683 | D:8      | Reached skill level 2 in Necromancy
   683 | D:8      | Gained mutation: You passively map the area around you.
                  | [Meteoran growth]
   683 | D:8      | Reached XP level 9. HP: 46/74 MP: 12/19
   685 | D:8      | Reached skill level 3 in Necromancy
   689 | D:8      | Reached skill level 4 in Necromancy
   691 | D:8      | Reached skill level 5 in Necromancy
   697 | D:8      | Reached * piety under Kikubaaqudgha
   697 | D:8      | Received a gift from Kikubaaqudgha
   703 | D:8      | Reached skill level 6 in Necromancy
   703 | D:8      | Found a staircase to the Lair.
   714 | D:8      | Learned a level 2 spell: Sublimation of Blood
   719 | D:8      | Learned a level 4 spell: Animate Dead
   724 | D:8      | Learned a level 4 spell: Anguish
   725 | Lair:1   | Entered Level 1 of the Lair of Beasts
   736 | Lair:1   | Reached skill level 7 in Necromancy
   758 | Lair:1   | Noticed a five-headed hydra
   760 | Lair:1   | Noticed a cane toad
   764 | Lair:1   | Killed a five-headed hydra
   765 | Lair:1   | Reached skill level 8 in Necromancy
   765 | Lair:1   | Reached XP level 10. HP: 83/83 MP: 16/21
   819 | Lair:2   | Noticed a rime drake
   825 | Lair:2   | Killed a rime drake
   903 | Lair:2   | Noticed a cane toad
   909 | Lair:2   | Killed a cane toad
   943 | Lair:3   | Noticed a komodo dragon
   947 | Lair:3   | Killed a komodo dragon
   952 | Lair:3   | Reached XP level 11. HP: 88/97 MP: 6/25
   973 | Lair:5   | Entered Level 5 of the Lair of Beasts
  1012 | Lair:4   | Noticed a four-headed hydra
  1032 | Lair:4   | Killed a four-headed hydra
  1033 | Lair:4   | Reached skill level 10 in Spellcasting
  1043 | Lair:4   | Reached skill level 10 in Fighting
  1065 | Lair:5   | Noticed a black mamba
  1071 | Lair:5   | Killed a black mamba
  1111 | Lair:5   | Noticed a black mamba
  1120 | Lair:5   | Killed a black mamba
  1124 | Lair:5   | Reached XP level 12. HP: 46/110 MP: 2/28
  1172 | Lair:5   | Reached ** piety under Kikubaaqudgha
  1182 | Lair:5   | Reached skill level 5 in Dodging
  1192 | Lair:5   | Noticed a fire crab
  1214 | Lair:5   | HP: 16/112 [fire crab] (7)]
  1302 | Lair:5   | Found a large runed translucent door.
  1302 | Lair:5   | Found a large runed translucent door.
  1303 | Lair:5   | Noticed a seven-headed hydra
  1316 | Lair:5   | Noticed a fire dragon
  1317 | Lair:5   | Killed a seven-headed hydra
  1322 | Lair:5   | Killed a fire crab
  1335 | Lair:5   | Killed a fire dragon
  1336 | Lair:5   | Reached skill level 9 in Necromancy
  1386 | Lair:5   | Reached XP level 13. HP: 85/119 MP: 25/30
  1407 | Lair:5   | Reached skill level 10 in Necromancy
  1444 | Lair:5   | Reached skill level 11 in Necromancy
  1447 | Lair:5   | Found a snail-covered altar of Cheibriados.
  1454 | Lair:5   | Noticed a death yak
  1558 | Lair:4   | Noticed a death yak
  1559 | Lair:4   | Reached skill level 12 in Necromancy
  1560 | Lair:4   | Noticed a death yak
  1567 | Lair:4   | Killed a death yak
  1570 | Lair:4   | Killed a death yak
  1595 | Lair:4   | Reached *** piety under Kikubaaqudgha
  1595 | Lair:4   | Received a gift from Kikubaaqudgha
  1596 | Lair:4   | Reached skill level 13 in Necromancy
  1603 | Lair:4   | Learned a level 6 spell: Death Channel
  1609 | Lair:4   | Learned a level 5 spell: Borgnjor's Vile Clutch
  1616 | Lair:4   | Learned a level 6 spell: Simulacrum
  1621 | Lair:4   | Learned a level 4 spell: Dispel Undead
  1663 | Lair:4   | Noticed Snorg
  1671 | Lair:4   | Killed Snorg
  1732 | Lair:1   | Noticed a death yak
  1733 | Lair:1   | Noticed a death yak
  1739 | Lair:1   | Reached skill level 5 in Ice Magic
  1740 | Lair:1   | Killed a death yak
  1745 | Lair:1   | Killed a death yak
  1782 | Lair:3   | Reached XP level 14. HP: 114/127 MP: 12/31
  1784 | Lair:3   | Found a staircase to the Swamp.
  1796 | Swamp:1  | Entered Level 1 of the Swamp
  1833 | Swamp:1  | Found a frozen archway.
  1855 | Swamp:1  | HP: 24/121 [spectral fenstrider witch[a ghost crab] (1)]
  1864 | Swamp:1  | Noticed an eleionoma
  1865 | Swamp:1  | HP: 14/123 [eleionoma (22)]
  1866 | Swamp:1  | Killed an eleionoma
  1886 | Swamp:1  | Noticed a fenstrider witch
  1893 | Swamp:1  | Killed a fenstrider witch
  2001 | Swamp:2  | Noticed a thorn hunter
  2010 | Swamp:2  | Killed a thorn hunter
  2011 | Swamp:2  | Reached skill level 15 in Spellcasting
  2114 | Swamp:2  | Noticed a bunyip
  2114 | Swamp:2  | Noticed a bunyip
  2124 | Swamp:2  | Killed a bunyip
  2131 | Swamp:2  | Killed a bunyip
  2137 | Swamp:3  | Noticed Kirke
  2142 | Swamp:3  | Reached XP level 15. HP: 92/134 MP: 27/36
  2146 | Swamp:3  | Killed Kirke
  2149 | Swamp:3  | Reached **** piety under Kikubaaqudgha
  2157 | Swamp:3  | Reached skill level 14 in Necromancy
  2196 | Swamp:4  | Entered Level 4 of the Swamp
  2260 | Swamp:4  | Reached skill level 15 in Fighting
  2283 | Swamp:4  | Noticed the 27-headed Lernaean hydra
  2287 | Swamp:4  | Killed the 27-headed Lernaean hydra
  2326 | Swamp:4  | Reached XP level 16. HP: 149/151 MP: 15/37
  2331 | Swamp:4  | Got a decaying rune of Zot
  2385 | Swamp:3  | Reached skill level 1 in Armour
  2389 | Swamp:2  | Noticed a fenstrider witch
  2389 | Swamp:2  | Noticed a ghoul
  2389 | Swamp:2  | Noticed a ghoul
  2401 | Swamp:2  | Identified the ring "Mocudix" {rN+ Str-2 Int+2 SInv Stlth+}
  2510 | Lair:3   | Found a hole to the Spider Nest.
  2521 | Spider:1 | Entered Level 1 of the Spider Nest
  2528 | Spider:1 | Reached skill level 5 in Armour
  2564 | Spider:2 | Noticed Aizul
  2567 | Spider:2 | Killed Aizul
  2606 | Spider:2 | Reached ***** piety under Kikubaaqudgha
  2652 | Spider:2 | Noticed Louise
  2661 | Spider:2 | Killed Louise
  2665 | Spider:2 | Reached skill level 10 in Armour
  2706 | Spider:2 | Noticed Arachne
  2716 | Spider:2 | Killed Arachne
  2804 | Spider:4 | Entered Level 4 of the Spider Nest
  2840 | Spider:4 | Reached XP level 17. HP: 141/158 MP: 29/38
  2861 | Spider:4 | Reached skill level 15 in Necromancy
  2876 | Spider:4 | Reached skill level 16 in Necromancy
  2908 | Spider:4 | Got a gossamer rune of Zot
  3033 | Spider:1 | Reached skill level 17 in Necromancy
  3073 | Lair:3   | Gained mutation: Your flesh is cold resistant. (rC+)
                  | [potion of mutation]
  3192 | Lair:5   | Found a runed translucent door.
  3192 | Lair:5   | Found a viscous altar of Jiyva.
  3192 | Lair:5   | Found a staircase to the Slime Pits.
  3206 | Slime:1  | Entered Level 1 of the Pits of Slime
  3225 | Slime:1  | Gained mutation: You passively map a large area around you.
                  | [Meteoran growth]
  3225 | Slime:1  | Reached XP level 18. HP: 166/166 MP: 32/39
  3255 | Slime:2  | Reached skill level 18 in Necromancy
  3259 | Slime:3  | Noticed an acid blob
  3262 | Slime:3  | Noticed an acid blob
  3264 | Slime:3  | Killed an acid blob
  3268 | Slime:3  | Killed an acid blob
  3280 | Slime:3  | Noticed an acid blob
  3283 | Slime:3  | Killed an acid blob
  3283 | Slime:3  | Noticed an acid blob
  3288 | Slime:3  | Killed an acid blob
  3290 | Slime:3  | Reached ****** piety under Kikubaaqudgha
  3303 | Slime:5  | Entered Level 5 of the Pits of Slime
  3303 | Slime:5  | Noticed an acid blob
  3304 | Slime:5  | Received a gift from Kikubaaqudgha
  3309 | Slime:5  | Killed an acid blob
  3334 | Slime:5  | Learned a level 8 spell: Infestation
  3344 | Slime:5  | Learned a level 8 spell: Borgnjor's Revivification
  3347 | Slime:5  | Noticed an acid blob
  3351 | Slime:5  | Killed an acid blob
  3352 | Slime:5  | Reached skill level 19 in Necromancy
  3360 | Slime:5  | Noticed the Royal Jelly
  3375 | Slime:5  | Noticed an acid blob
  3376 | Slime:5  | Killed an acid blob
  3377 | Slime:5  | Noticed an acid blob
  3378 | Slime:5  | Noticed an acid blob
  3379 | Slime:5  | Killed an acid blob
  3380 | Slime:5  | Noticed an acid blob
  3383 | Slime:5  | Noticed an acid blob
  3383 | Slime:5  | Noticed an acid blob
  3384 | Slime:5  | Noticed an acid blob
  3385 | Slime:5  | Killed an acid blob
  3385 | Slime:5  | Noticed an acid blob
  3390 | Slime:5  | Killed an acid blob
  3392 | Slime:5  | Killed an acid blob
  3392 | Slime:5  | Killed an acid blob
  3393 | Slime:5  | Killed an acid blob
  3395 | Slime:5  | Killed an acid blob
  3406 | Slime:5  | Killed the Royal Jelly
  3407 | Slime:5  | Reached skill level 20 in Necromancy
  3430 | Slime:5  | Got a slimy rune of Zot
  3431 | Slime:5  | Identified the +1 scale mail of Shrieking Intercession
                  | {Slay+5}
  3432 | Slime:5  | Noticed an acid blob
  3433 | Slime:5  | Noticed an acid blob
  3436 | Slime:5  | Killed an acid blob
  3438 | Slime:5  | Killed an acid blob
  3440 | Slime:5  | Noticed an acid blob
  3443 | Slime:5  | Killed an acid blob
  3461 | Slime:5  | Identified the +10 arbalest of Anxiety {elec, Int+4}
  3488 | Slime:5  | Identified the +5 great sword of Strategic Superiority
                  | {antimagic, Int+3 Stlth+}
  3515 | Slime:5  | Gained mutation: You are clumsy. (Dex -2) [a shining eye]
  3726 | D:10     | Entered Level 10 of the Dungeon
  3792 | D:11     | Found an iron altar of Okawaru.
  3795 | D:11     | Noticed Josephine
  3802 | D:11     | Killed Josephine
  3803 | D:11     | Reached XP level 19. HP: 150/172 MP: 29/41
  3815 | D:11     | Learned a level 4 spell: Passage of Golubria
  3826 | D:11     | Noticed Gastronok
  3836 | D:11     | Killed Gastronok
  3887 | D:11     | Found a basalt altar of Yredelemnul.
  3902 | D:11     | Found Ilo Fyufoduo's Assorted Antiques.
  3916 | D:11     | Bought a scroll of identify for 48 gold pieces
  3916 | D:11     | Bought a scroll of identify for 48 gold pieces
  3916 | D:11     | Bought a wand of roots (4) for 230 gold pieces
  4033 | D:13     | Reached skill level 5 in Translocations
  4079 | D:15     | Entered Level 15 of the Dungeon
  4159 | D:15     | Found a staircase to the Depths.
  4171 | Depths:1 | Entered Level 1 of the Depths
  4171 | Depths:1 | Found a one-way gate to the infinite horrors of the Abyss.
  4270 | Depths:3 | Noticed Saint Roka
  4285 | Depths:3 | Killed Saint Roka
  4299 | Depths:4 | Entered Level 4 of the Depths
  4388 | Depths:4 | HP: 28/172 [iron dragon/spray of metal splinters (49)]
  4396 | Depths:4 | HP: 29/172 [ettin/+0 dire flail (15)]
  4441 | Depths:4 | HP: 25/158 [shadow dragon/bolt of negative energy (58)]
  4453 | Depths:4 | Reached XP level 20. HP: 35/173 MP: 12/44
  4459 | Depths:4 | Found a gate to the Realm of Zot.
  4466 | Zot:1    | Entered Level 1 of the Realm of Zot
  4494 | Zot:2    | Noticed a golden dragon
  4500 | Zot:2    | Killed a golden dragon
  4501 | Zot:2    | Reached skill level 1 in Summonings
  4501 | Zot:2    | Noticed a tentacled monstrosity
  4504 | Zot:2    | Killed a tentacled monstrosity
  4512 | Zot:2    | Noticed a golden dragon
  4515 | Zot:2    | Learned a level 7 spell: Haunt
  4516 | Zot:2    | Killed a golden dragon
  4517 | Zot:2    | Reached skill level 5 in Summonings
  4540 | Zot:3    | HP: 30/180 [death cob (11)]
  4541 | Zot:3    | HP: 9/180 [death cob (22)]
  4547 | Zot:3    | HP: 23/180 [black draconian/+0 dire flail[a yellow
                  | draconian annihilator] (14)]
  4582 | Zot:4    | Noticed a tentacled monstrosity
  4586 | Zot:4    | Identified the +0 ring mail of the Eagle {rC+ Stlth+}
  4590 | Zot:4    | Noticed a golden dragon
  4616 | Zot:4    | Noticed a tentacled monstrosity
  4632 | Zot:4    | Killed a tentacled monstrosity
  4679 | Zot:4    | Noticed an orb of fire
  4688 | Zot:5    | Entered Level 5 of the Realm of Zot
  4714 | Zot:5    | Killed an orb of fire
  4736 | Zot:5    | Noticed a golden dragon
  4739 | Zot:5    | Noticed a golden dragon
  4741 | Zot:5    | Noticed a tentacled monstrosity
  4744 | Zot:5    | Killed a golden dragon
  4745 | Zot:5    | Noticed a tentacled monstrosity
  4750 | Zot:5    | Noticed an Orb Guardian
  4751 | Zot:5    | Killed a tentacled monstrosity
  4754 | Zot:5    | Noticed an Orb Guardian
  4768 | Zot:5    | Killed an Orb Guardian
  4771 | Zot:5    | Killed an Orb Guardian
  4774 | Zot:5    | Noticed an Orb Guardian
  4776 | Zot:5    | Killed a tentacled monstrosity
  4779 | Zot:5    | Killed an Orb Guardian
  4780 | Zot:5    | Reached XP level 21. HP: 82/143 MP: 12/46
  4782 | Zot:5    | Reached skill level 21 in Necromancy
  4796 | Zot:5    | Noticed a golden dragon
  4800 | Zot:5    | Noticed an ancient lich
  4801 | Zot:5    | Killed a golden dragon
  4801 | Zot:5    | Noticed an ancient lich
  4805 | Zot:5    | Killed an ancient lich
  4807 | Zot:5    | Killed an ancient lich
  4808 | Zot:5    | Noticed a golden dragon
  4814 | Zot:5    | Killed a golden dragon
  4815 | Zot:5    | Noticed an electric golem
  4815 | Zot:5    | Noticed an ancient lich
  4834 | Zot:5    | Noticed a Killer Klown
  4837 | Zot:5    | Noticed a dread lich
  4839 | Zot:5    | Noticed a Hell Sentinel
  4843 | Zot:5    | Killed an electric golem
  4844 | Zot:5    | Killed an ancient lich
  4852 | Zot:5    | Killed a Killer Klown
  4852 | Zot:5    | Killed a dread lich
  4877 | Zot:5    | Noticed a dread lich
  4879 | Zot:5    | Noticed a Killer Klown
  4880 | Zot:5    | Noticed a golden dragon
  4888 | Zot:5    | Killed a dread lich
  4889 | Zot:5    | Killed a Killer Klown
  4900 | Zot:5    | Noticed a Killer Klown
  4913 | Zot:5    | Noticed a dread lich
  4915 | Zot:5    | Noticed an orb of fire
  4919 | Zot:5    | Noticed an ancient lich
  4938 | Zot:5    | Killed an ancient lich
  4942 | Zot:5    | Killed an orb of fire
  4943 | Zot:5    | Noticed a Tzitzimitl
  4943 | Zot:5    | Paralysed by a dread lich for 3 turns
  4943 | Zot:5    | HP: 26/134 [Killer Klown/klown pie (16)]
  4946 | Zot:5    | HP: 8/134 [Tzitzimitl[a dread lich] (11)]
  4992 | Zot:5    | Killed a Killer Klown
  4997 | Zot:5    | Killed a dread lich
  4998 | Zot:5    | Reached XP level 22. HP: 97/143 MP: 11/47
  5103 | Zot:5    | Got the Orb of Zot
  5113 | Zot:5    | Noticed an ancient lich
  5113 | Zot:5    | Noticed a Killer Klown
  5113 | Zot:5    | Noticed an orb of fire
  5113 | Zot:5    | Noticed a Killer Klown
  5113 | Zot:5    | Noticed a dread lich
  5113 | Zot:5    | Noticed a curse toe
  5165 | Zot:5    | Gained mutation: You are weak. (Str -2) [an orb of fire]
  5173 | Zot:5    | Gained mutation: Potions are less effective at restoring
                  | your health. [an orb of fire]
  5175 | Zot:5    | HP: 26/146 [orb of fire/bolt of fire (22)]
  5268 | Zot:5    | Noticed a profane servitor
  5287 | Zot:4    | Noticed a shard shrike
  5290 | Zot:4    | HP: 2/117 [shard shrike/shard of ice (51)]
  5290 | Zot:4    | Slain by a red draconian

Illustrated notes

Levels and vault maps discovered:
D:1:      heliophobic_arrival_henge, layout_basic
D:2:      layout_rooms, nicolae_ecumenical_oubliette, minmay_fountain_box
D:3:      layout_loops_cross, amcnicky_altar_gilded
D:4:      layout_loops_cross
D:5:      layout_loops_cross, makhleb_blood_cavern_becter,
          mainiacjoe_overflow_paths, minmay_misc_feat_room
D:6:      layout_gridville, minmay_temple_entry_drinking_statues,
          nicolae_alphabet_shops, uniq_eustachio
D:7:      layout_basic
D:8:      layout_basic, lemuel_tele_altar, okawaru_ov_weapons_minmay,
          due_lair_maze_entry_diamond
D:9:      layout_basic, serial_nicolae_subway, nicolae_sub_station_metal,
          nicolae_sub_station_stone, nicolae_sub_station_crystal
D:10:     layout_big_octagon, minmay_orc_entry_temple_small, uniq_psyche
D:11:     layout_irregular_city, serial_shops, nicolae_square_shop,
          hangedman_feature_mirror, grunt_decor_one_mirror,
          mrwooster_statue_mirror, uniq_gastronok, uniq_harold, uniq_josephine
D:12:     layout_basic, uniq_erolcha
D:13:     layout_loops_ring, grunt_vaults_entry_fortified
D:14:     erik_rubicon_b, layout_basic, minmay_misc_feat_enclosed
D:15:     grunt_enter_depths_snipers, layout_irregular_city,
          nicolae_concentric_dashed_squares_wild
Temple:   sentei_temple_godly_chess
Lair:1:   layout_small_grid, lemuel_altar_in_water2, small_statue_intersection,
          grunt_megastairs_3, lemuel_fruit_fields
Lair:2:   layout_cave_pods, st_stairs_7
Lair:3:   layout_long_grid, skrybe_swamp_entry_bodies,
          spider_nest_entry_web_field, special_room [special_room_bee],
          serial_bayou_shore_b, grunt_megastairs_5, serial_bayou_shore_a
Lair:4:   layout_misc_corridors, kennysheep_rathole, uniq_snorg
Lair:5:   cheibrodos_lair_end_hotspot, layout_small_grid, slime_entry_2,
          kennysheep_snail_temple
Swamp:1:  layout_basic_swamp, portal_ice_cave_entry_pillars_1,
          nicolae_swamp_decorative_isthmus
Swamp:2:  layout_basic_swamp, evilmike_swamp_ruin_house_1
Swamp:3:  layout_basic_swamp, nicolae_swamp_godswood, swamp_pool4,
          infiniplex_staircase_pool, uniq_kirke
Swamp:4:  swamp_old_school, layout_basic_swamp, infiniplex_staircase_pool_2
Spider:1: layout_spider_delve, drop_trap
Spider:2: layout_spider_delve, uniq_aizul, uniq_mlioglotl, uniq_louise,
          uniq_arachne
Spider:3: layout_spider_delve
Spider:4: hellmonk_spider_rune_bug_friends
Slime:1:  cheibrodos_slime_lost_civilization_9, layout_caves
Slime:2:  layout_caves
Slime:3:  cheibrodos_slime_lost_civilization_2, layout_caves
Slime:4:  layout_caves
Slime:5
Depths:1: layout_gridlike, abyss_entry, minmay_misc_feat_plants,
          pf_vacation_house_of_asmodeus, serial_glass, glass_columns_c,
          glass_columns_a, hex_tiny, fountainhead,
          hangedman_abyss_or_decor_clamps, nicolae_qazlal_scattered_showers
Depths:2: minmay_sliced_demisemicircle, layout_gridlike, hellmouth_1,
          rand_demon_pan_entry_7, serial_shops, shop, serial_corexii_hall,
          corexii_hall_statues_x, corexii_hall_statues_x,
          chequers_hall_statues_wall_a, chequers_hall_statues_y,
          corexii_hall_statues_i, chequers_hall_statues_corner_a,
          due_unseen_surprise
Depths:3: nicolae_BIG_FREAKIN_CUBE, layout_cave_pools, enter_ziggurat_a,
          abyss_entry, hell_entry, rand_demon_pan_entry_4, st_stairs_8,
          uniq_enchantress, uniq_saint_roka
Depths:4: grunt_zot_entry_alcove, layout_gridville, pf_hell_entry_tar_spiral,
          serial_bayou_pond_c, nicolae_abyss_entry_one_way_or_another,
          grunt_pan_entry_zigzag, st_stairs_12
Zot:1:    layout_misc_corridors, grunt_megastairs_4
Zot:2:    layout_misc_corridors, lemuel_elevator
Zot:3:    layout_twisted_circle, st_stairs_1, hangedman_elemental_corridor,
          grunt_megastairs_2, uniq_vv
Zot:4:    nicolae_zot_stationary_front, layout_cellular_growth,
          hangedman_elemental_grid_stream
Zot:5:    layout_cathedral_of_symmetry

Skill      XL: |  1  2  3  4  5  6  7  8  9 10 11 12 13 14 15 16 17 18 19 20 21 22 |
---------------+-------------------------------------------------------------------+-----
Earth Magic    | 4 5 6 7 |  7.0
Conjurations   | 1 2 |  2.0
Spellcasting   | 5 6 9 11 12 16 17 19 20 | 20.0
Fighting       | 4 5 6 9 11 12 16 19 20 | 20.5
Evocations     | 5 |  5.0
Necromancy     | 2 8 9 13 14 17 20 21 | 21.5
Hexes          | 2 |  2.0
Dodging        | 6 7 |  7.2
Ice Magic      | 6 8 |  8.9
Armour         | 12 | 12.2
Translocations | 2 7 |  7.1
Summonings     | 9 |  9.0
Stealth        | |  1.4
Transmutations | |  1.2

Action                   |  1- 3 |  4- 6 |  7- 9 | 10-12 | 13-15 | 16-18 | 19-21 | 22-24 || total
-------------------------+-------+-------+-------+-------+-------+-------+-------+-------++-------
Melee: Staff             |       |       |       |       |       |     1 |       |       ||     1
Throw: Dart              |       |       |       |       |       |       |     1 |       ||     1
 Cast: Sandblast         |    31 |    31 |    34 |    44 |    10 |     8 |       |       ||   158
       Passwall          |     1 |     7 |    14 |     5 |     8 |    14 |    24 |     2 ||    75
       Stone Arrow       |       |       |    24 |    78 |    68 |    46 |    19 |     1 ||   236
       Animate Dead      |       |       |     1 |     7 |     3 |       |       |       ||    11
       Anguish           |       |       |       |    15 |    14 |    17 |    20 |     2 ||    68
       Borgnjor's Vile C |       |       |       |       |    42 |    40 |    61 |     6 ||   149
       Sublimation of Bl |       |       |       |       |     9 |    13 |    15 |     6 ||    43
       Simulacrum        |       |       |       |       |    42 |   104 |    75 |     9 ||   230
       Death Channel     |       |       |       |       |     8 |    13 |    17 |     2 ||    40
       Dispel Undead     |       |       |       |       |    10 |     8 |    13 |     2 ||    33
       Infestation       |       |       |       |       |       |     2 |    18 |     2 ||    22
       Passage of Golubr |       |       |       |       |       |       |    85 |    51 ||   136
       Haunt             |       |       |       |       |       |       |    30 |       ||    30
       Borgnjor's Revivi |       |       |       |       |       |       |     6 |     3 ||     9
Invok: Unearth Wretches  |       |       |     1 |     3 |     6 |    12 |    22 |     2 ||    46
       Receive Forbidden |       |       |       |       |       |     1 |       |       ||     1
Evoke: Wand              |       |       |    10 |     3 |     3 |     2 |     4 |     2 ||    24
  Use: Scroll            |       |     4 |     2 |     7 |     4 |     9 |    10 |     1 ||    37
       Potion            |       |       |       |     5 |     1 |     4 |    23 |       ||    33
 Stab: Distracted        |       |       |       |       |       |     1 |       |       ||     1
Armor: Robe              |     3 |     3 |     8 |     8 |    16 |       |       |       ||    38
       Swamp dragon scal |       |       |       |       |       |    53 |    33 |     9 ||    95
Dodge: Dodged            |    13 |     9 |    11 |    29 |    70 |    73 |    84 |    13 ||   302
       Repelled          |       |       |       |       |       |     1 |     2 |     4 ||     7

Table legend: (Time is in decaauts)
 A = Elapsed time spent in this place.
 B = Non-inter-level travel time spent in this place.
 C = Inter-level travel time spent in this place.
 D = Time resting spent in this place.
 E = Time spent auto-exploring this place.
 F = Levels seen in this place.
 G = Mean time per level.
                   A        B        C        D        E       F      G
               +--------+--------+--------+--------+--------+-----+--------+
         Total |   5576 |   5566 |     10 |      0 |      0 |  43 |  129.7 |
       Dungeon |   1248 |   1248 |      0 |      0 |      0 |  15 |   83.2 |
        Temple |     14 |     14 |      0 |      0 |      0 |   1 |   14.0 |
          Lair |   1427 |   1427 |      0 |      0 |      0 |   5 |  285.4 |
         Swamp |    789 |    779 |     10 |      0 |      0 |   4 |  197.2 |
   Spider Nest |    561 |    561 |      0 |      0 |      0 |   4 |  140.2 |
    Slime Pits |    369 |    369 |      0 |      0 |      0 |   5 |   73.8 |
        Depths |    296 |    296 |      0 |      0 |      0 |   4 |   74.0 |
           Zot |    869 |    869 |      0 |      0 |      0 |   5 |  173.8 |
               +--------+--------+--------+--------+--------+-----+--------+

Top non-repeatable levels by time:
   Zot:5: 632 daAuts
  Lair:5: 576 daAuts
  Lair:4: 320 daAuts
 Swamp:1: 287 daAuts
Spider:2: 243 daAuts
 Slime:5: 229 daAuts
  Lair:3: 224 daAuts
  Lair:2: 213 daAuts
 Swamp:2: 208 daAuts
 Swamp:4: 207 daAuts
    D:11: 183 daAuts
     D:5: 179 daAuts
Spider:4: 166 daAuts
Depths:4: 162 daAuts
     D:6: 126 daAuts

Table legend:
 A = Kills in this place as a percentage of kills in entire the game.
 B = Kills by you in this place as a percentage of kills by you in the entire game.
 C = Kills by friends in this place as a percentage of kills by friends in the entire game.
 D = Other kills in this place as a percentage of other kills in the entire game.
 E = Experience gained in this place as a percentage of experience gained in the entire game.
 F = Experience gained in this place divided by the number of levels of this place that you have seen.
                   A       B       C       D       E      F
               +-------+-------+-------+-------+-------+----------------------
         Total | 100.0 | 100.0 | 100.0 | 100.0 | 100.0 | 10460.0
       Dungeon |  15.1 |  36.9 |   4.3 |   1.6 |   5.6 | 1669.3
          Lair |  19.1 |  31.5 |   8.5 |  42.6 |   9.4 | 8460.6
         Swamp |  13.0 |  10.4 |  16.2 |   1.6 |  12.1 | 13639.0
   Spider Nest |  21.9 |   5.8 |  29.2 |  36.1 |  15.8 | 17782.0
    Slime Pits |   8.4 |   2.1 |  13.3 |   0.0 |  10.9 | 9813.6
        Depths |   7.4 |   4.6 |   9.2 |   6.6 |   9.3 | 10403.2
           Zot |  15.1 |   8.7 |  19.3 |  11.5 |  36.9 | 33214.8
               +-------+-------+-------+-------+-------+----------------------
